 Dungeon Crawl Stone Soup version 0.21-a0-641-geef9d7f (webtiles) character file.

46 Esekla the Charmwright (level 3, -11/18 HPs)
             Began as a Vine Stalker Skald on Dec 31, 2017.
             Mangled by Sigmund
             ... wielding a +6 scythe of venom
              (16 damage)
             ... on level 2 of the Dungeon.
             The game lasted 00:11:32 (1040 turns).

Esekla the Charmwright (Vine Stalker Skald)         Turns: 1040, Time: 00:11:32

Health: -11/18     AC:  7    Str: 13    XL:     3   Next: 66%
Magic:  0/7        EV: 11    Int: 13    God:
Gold:   45         SH:  0    Dex: 14    Spells: 1/6 levels left

rFire    + . .     SeeInvis .   a - +0 short sword
rCold    x . .     Gourm    .   (no shield)
rNeg     . . .     Faith    .   k - +1 ring mail {rPois}
rPois    +         Spirit   +   (no helmet)
rElec    .         Reflect  .   (no cloak)
rCorr    .         Harm     .   (no gloves)
MR       .....                  f - +0 pair of boots
Stlth    +.........             (no amulet)
HPRegen  0.06/turn              n - ring of fire
MPRegen  0.10/turn              (no ring)

@: lethally poisoned (-11 -> -23), infused, hasted, very quick
A: fangs 2, magic shield, antimagic bite, no potion heal 3, rot immunity
a: no special abilities


You were on level 2 of the Dungeon.
You were not hungry.

You visited 1 branch of the dungeon, and saw 2 of its levels.

You collected 45 gold pieces.

Inventory:

Hand Weapons
 a - a +0 short sword (weapon)
Missiles
 b - 96 stones (quivered)
 g - 39 sling bullets
Armour
 f - a +0 pair of boots (worn)
 k - a +1 ring mail of poison resistance (worn)
Jewellery
 n - a ring of fire (left hand)
Scrolls
 i - a scroll of blinking {unknown}
 j - 2 scrolls of random uselessness {unknown}
 l - 3 scrolls of identify {unknown}
 m - a scroll of fog {unknown}
 q - a scroll of teleportation {unknown}
 r - a scroll of fear {unknown}
Potions
 e - 2 potions of flight {unknown}
 h - a potion of haste
 o - a potion of mutation {unknown}
 p - a potion of magic {unknown}
Books
 c - a book of Battle

   Spells                             Type                      Level
   a - Infusion                       Charms                       1
   b - Shroud of Golubria             Charms/Translocation         2
   c - Song of Slaying                Charms                       2
   d - Spectral Weapon                Hexes/Charms                 3
   e - Regeneration                   Charms/Necromancy            3
Comestibles
 d - 2 rations


   Skills:
 * Level 2.3 Fighting
 * Level 2.5 Short Blades
 * Level 0.9 Armour
 + Level 1.9 Dodging
 + Level 2.4 Spellcasting
 - Level 3.0 Charms
 * Level 0.5 Translocations


You had one spell level left.
You knew the following spells:

 Your Spells              Type           Power        Failure   Level  Hunger
a - Infusion              Chrm           #...         16%         1    #......
b - Shroud of Golubria    Chrm/Tloc      #.........   36%         2    ###....
c - Song of Slaying       Chrm           #.......     22%         2    ###....


Dungeon Overview and Level Annotations

Branches:
Dungeon (2/15)

Altars:
Fedhas

Annotations:
D:2 Sigmund


Innate Abilities, Weirdness & Mutations

You have extremely sharp teeth.
When hurt, damage is shared between your health and your magic reserves.
Your bite disrupts and absorbs the magic of your enemies.
Potions cannot restore your health.
You are immune to rotting.


Message History

Sigmund is moderately wounded.
Sigmund hits you but does no damage.
You barely miss Sigmund.
Sigmund is moderately wounded.
You feel sick.
The adder hisses angrily.
You hit Sigmund!
Sigmund is severely wounded.
You feel sick. Sigmund casts a spell at you. You resist with some effort.
You hit Sigmund.
Sigmund is severely wounded.
* * * LOW HITPOINT WARNING * * *
You feel sick.
You hit Sigmund! Your bite misses Sigmund.
Sigmund is almost dead.
Sigmund hits you with a scythe of venom!
Ouch! That really hurt!
You die...

#. #. #.## #...
#..# #..# #.@# #.@#
### #.# ########S#
#.. #(. ..S......#
#.# ### #######..##
#.# #### #...# #.#
#... #..†#
#.#######.##
#...####...........
#.........######.##
#...####.........#


You could see Sigmund and an adder.

Vanquished Creatures
  An adder (D:2)
  A worm (D:2)
  2 dart slugs (D:1)
  A leopard gecko (D:2)
  3 bats
  3 giant cockroaches (D:2)
  3 goblins (D:1)
  A hobgoblin (D:1)
  3 jackals (D:1)
  2 kobolds (D:1)
  3 frilled lizards (D:1)
  6 rats
29 creatures vanquished.

Notes
Turn   | Place    | Note
-------+----------+-------------------------------------------
     0 | D:1      | Esekla the Vine Stalker Skald began the quest for the Orb.
     0 | D:1      | Reached XP level 1. HP: 11/11 MP: 4/4
    60 | D:1      | Reached XP level 2. HP: 13/15 MP: 6/6
   180 | D:1      | Learned a level 2 spell: Shroud of Golubria
   183 | D:1      | Learned a level 2 spell: Song of Slaying
   279 | D:2      | Found a blossoming altar of Fedhas.
   292 | D:2      | Reached XP level 3. HP: 7/18 MP: 3/7
  1029 | D:2      | Noticed Sigmund
  1040 | D:2      | Mangled by Sigmund

Vault maps used:
D:1:      dpeg_arrival_refuge, st_stairs_1
D:2:      fedhas_altar_2, hangedman_decor_opposing, uniq_sigmund

Skill      XL: |  1 |
---------------+----+-----
Short Blades   | 2 |  2.5
Fighting       | 2 |  2.3
Armour         | |  0.9
Dodging        | |  1.9
Spellcasting   | |  2.4
Charms         | |  3.0
Translocations | |  0.5

Action                   || total
-------------------------++-------
Melee: Short sword       ||   105
       Bite              ||    23
Throw: Stone             ||     3
 Cast: Song of Slaying   ||     2
       Infusion          ||     1
  Use: Potion            ||     4
  Eat: Ration            ||     1
Armor: Leather armour    ||    23
       Ring mail         ||    21
Dodge: Dodged            ||    82

Table legend:
 A = Spawn XP
 B = Non-spawn XP
 C = Spawn XP percentage of total XP
 D = Spawn monster count
 E = Non-spawn monster count
 F = Spawn count percentage of total count
 G = Total turns spent on level
                    A         B        C        D         E        F      G
               +---------+---------+-------+---------+---------+-------+---------
         Total |       0 |      66 |   0.0 |       0 |      29 |   0.0 |  1040
               +---------+---------+-------+---------+---------+-------+---------
           D:1 |       0 |      34 |   0.0 |       0 |      19 |   0.0 |   597
           D:2 |       0 |      32 |   0.0 |       0 |      10 |   0.0 |   443
               +---------+---------+-------+---------+---------+-------+---------
